 Dungeon Crawl Stone Soup version 0.17.1-1-g73c8601 (webtiles) character file.

481 Killerpretzel the Destroyer (level 6, -1/32 HPs)
             Began as a Deep Elf Conjurer on Dec 15, 2015.
             Was an Initiate of Vehumet.
             Slain by a hound (4 damage)
             ... on level 5 of the Dungeon.
             The game lasted 00:48:25 (5792 turns).

Killerpretzel the Destroyer (Deep Elf Conjurer)     Turns: 5792, Time: 00:48:26

Health: -1/32      AC:  5    Str:  7    XL:     6   Next: 87%
Magic:  0/12       EV: 13    Int: 20    God:    Vehumet [......]
Gold:   152        SH:  0    Dex: 15    Spells: 3 memorised, 4 levels left

rFire  . . .     SeeInvis .     O - +0 hunting sling
rCold  . . .     Clarity  .     q - +0 robe
rNeg   . . .     SustAt   .     (no shield)
rPois  +         Gourm    .     M - +1 helmet
rElec  .         Spirit   .     (no cloak)
rCorr  .         Warding  .     (no gloves)
rMut   .         Stasis   .     o - +0 pair of boots
MR     .....                    (no amulet)
Stlth  ++........               (no ring)
                                j - ring of poison resistance

@: not resistant to hostile enchantments, unstealthy
A: no striking features
a: Renounce Religion


You were on level 5 of the Dungeon.
You worshipped Vehumet.
Vehumet was noncommittal.
You were hungry.

You visited 1 branch of the dungeon, and saw 5 of its levels.

You collected 152 gold pieces.

Inventory:

Hand Weapons
 m - a +0 short sword
 p - a +0 hand axe
 r - a +0 short sword
 u - a +0 dagger
 v - a -3 spear
 w - a +0 dagger
 y - a +0 dagger
 B - a +0 short sword
 C - a +0 spear
 E - a +0 hand axe
 H - a +0 hand axe
 O - a +0 hunting sling (weapon)
 Q - a +2 dagger of chaos {!*}
 R - a +0 dagger
 T - a +0 spear
Missiles
 f - 43 bolts
 g - 39 poisoned needles
 l - 86 stones (quivered)
 x - 3 javelins
 P - a throwing net
 U - 3 tomahawks
Armour
 a - a +0 robe
 o - a +0 pair of boots (worn)
 q - a +0 robe (worn)
 s - a +0 robe
 D - a +0 robe
 M - a +1 helmet (worn)
 N - a +0 robe
 S - a +0 leather armour of poison resistance
 W - a +0 robe
Jewellery
 j - a ring of poison resistance (left hand)
 G - an uncursed ring of teleportation
Scrolls
 b - 2 scrolls of immolation {unknown}
 e - 3 scrolls of identify
 h - 2 scrolls of fog
 t - a scroll of enchant armour
 F - a scroll of teleportation
 J - a scroll of blinking {unknown}
 K - a scroll of amnesia {unknown}
 L - a scroll of recharging {unknown}
Potions
 d - a potion of degeneration {unknown}
 k - a potion of agility {unknown}
 z - a potion of lignification {unknown}
 A - a potion of resistance {unknown}
 I - a potion of poison {unknown}
 V - a potion of brilliance {unknown}
Books
 n - a book of Conjurations

   Spells                             Type                      Level
   a - Magic Dart                     Conjuration                  1
   b - Searing Ray                    Conjuration                  2
   c - Dazzling Spray                 Conjuration/Hexes            3
   d - Fulminant Prism                Conjuration/Hexes            4
   e - Iskenderun's Mystic Blast      Conjuration                  4
   f - Iskenderun's Battlesphere      Conjuration/Charms           5
 X - Vehumet's Almanac of Confrontation
   (You found it on level 5 of the Dungeon)

   Spells                             Type                      Level
   a - Magic Dart                     Conjuration                  1
 Y - Sif Muna's Handbook of Execration
   (You found it on level 5 of the Dungeon)

   Spells                             Type                      Level
   a - Corona                         Hexes                        1
 Z - Kikubaaqudgha's Compendium of Sinister Secrets
   (You found it on level 5 of the Dungeon)

   Spells                             Type                      Level
   a - Animate Skeleton               Necromancy                   1
Comestibles
 c - 2 bread rations
 i - 3 meat rations


   Skills:
 - Level 2.4 Dodging
 - Level 2.4 Stealth
 - Level 3.0 Spellcasting
 + Level 9.1 Conjurations


You had 4 spell levels left.
You knew the following spells:

 Your Spells              Type           Power        Failure   Level  Hunger
a - Magic Dart            Conj           ####         1%          1    None
b - Searing Ray           Conj           #####.       1%          2    ##.....
c - Fulminant Prism       Conj/Hex       ###.......   24%         4    ####...


Dungeon Overview and Level Annotations

Branches:
Dungeon (5/15)
 Temple: D:4-7

Altars:
Ashenzari
Kikubaaqudgha
Makhleb
Nemelex Xobeh
Sif Muna
Vehumet
Xom
Zin

Shops:
D:4 [

Annotations:
D:5 1 exclusion


Message History

* * * LOW HITPOINT WARNING * * *
Casting: Magic Dart
Confirm with . or Enter, or press ? or * to list all spells.
Aiming: Magic Dart
Press: ? - help, Shift-Dir - straight line, f/p - hound
Aim: a hound (heavily wounded)
The magic dart hits the hound.
The hound is almost dead.
The hound bites you but does no damage.
Casting: Magic Dart
Confirm with . or Enter, or press ? or * to list all spells.
Aiming: Magic Dart
Press: ? - help, Shift-Dir - straight line, f/p - hound
Aim: a hound (almost dead)
The magic dart hits the hound.
The hound is almost dead.
The hound bites you.
* * * LOW HITPOINT WARNING * * *
The hound bites you.
You die...

........#
...##....##........#>.
#.............####.###
#............ .o
#........... ...
#.........# ...
#.........#
..#.........#
.......@h...+
.##.........#
#.........#
#.........#
###########


You could see a hound.

Vanquished Creatures
  A centaur (D:5)
  An orc wizard (D:5)
  A crimson imp (D:3)
  A giant frog skeleton (D:5)
  Ijyb (D:3)
  An iguana (D:4)
  2 worker ants
  4 gnolls (D:2)
  A hound skeleton (D:2)
  7 adders
  2 oozes
  5 worms
  An orc (D:4)
  4 bats
  5 giant cockroaches
  8 hobgoblins
  7 jackals
  2 quokkas
  3 giant geckos
  5 giant newts
  9 goblins
  12 kobolds
  6 rats
89 creatures vanquished.

Vanquished Creatures (others)
  14 fulminant prisms
14 creatures vanquished.

Grand Total: 103 creatures vanquished

Notes
Turn   | Place    | Note
--------------------------------------------------------------
     0 | D:1      | Killerpretzel the Deep Elf Conjurer began the quest for the Orb.
     0 | D:1      | Reached XP level 1. HP: 10/10 MP: 6/6
   165 | D:1      | Reached XP level 2. HP: 15/15 MP: 1/8
   232 | D:1      | Reached skill level 5 in Conjurations
   897 | D:1      | Reached XP level 3. HP: 19/19 MP: 4/9
  1437 | D:2      | Found a shattered altar of Ashenzari.
  1865 | D:2      | Learned a level 2 spell: Searing Ray
  2005 | D:2      | Reached skill level 6 in Conjurations
  2136 | D:2      | Reached XP level 4. HP: 24/24 MP: 8/10
  2758 | D:3      | Reached XP level 5. HP: 28/28 MP: 6/11
  2774 | D:3      | Learned a level 4 spell: Fulminant Prism
  2817 | D:3      | Reached skill level 7 in Conjurations
  2818 | D:3      | Found a sparkling altar of Nemelex Xobeh.
  2866 | D:3      | Found a glowing silver altar of Zin.
  3601 | D:3      | Noticed Ijyb
  4061 | D:3      | Found a burning altar of Makhleb.
  4061 | D:3      | Found a shimmering altar of Xom.
  4152 | D:3      | Killed Ijyb
  4687 | D:4      | Found Qeacs's Antique Armour Shoppe.
  4870 | D:4      | Reached skill level 8 in Conjurations
  4870 | D:4      | Reached XP level 6. HP: 27/32 MP: 5/12
  5417 | D:5      | Entered Level 5 of the Dungeon
  5597 | D:5      | Found a radiant altar of Vehumet.
  5600 | D:5      | Found a deep blue altar of Sif Muna.
  5600 | D:5      | Found an ancient bone altar of Kikubaaqudgha.
  5605 | D:5      | Identified Vehumet's Almanac of Confrontation
  5607 | D:5      | Became a worshipper of Vehumet
  5615 | D:5      | Identified Sif Muna's Handbook of Execration
  5624 | D:5      | Identified Kikubaaqudgha's Compendium of Sinister Secrets
  5636 | D:5      | Reached skill level 9 in Conjurations
  5792 | D:5      | Slain by a hound

Action                   |  1- 3 |  4- 6 || total
-------------------------+-------+-------++-------
 Fire: Hunting sling     |       |     5 ||     5
Throw: Javelin           |     1 |     3 ||     4
       Throwing net      |       |     4 ||     4
 Cast: Magic Dart        |    92 |   124 ||   216
       Searing Ray       |     1 |     7 ||     8
       Fulminant Prism   |       |    14 ||    14
  Use: Scroll            |       |     7 ||     7
  Eat: Chunk             |     4 |     8 ||    12
       Bread ration      |       |     1 ||     1
       Beef jerky        |       |     1 ||     1
